 Dungeon Crawl Stone Soup version 0.30-a0-1094-g860fb061e7 (webtiles) character file.

Game seed: 1081485674031920933

1165 retardedninja the Conjurer (level 8, -9/58 HPs)
             Began as a Gnoll Conjurer on Apr 17, 2023.
             Mangled by an orc warrior
             ... wielding a +0 great sword
              (25 damage)
             ... on level 5 of the Dungeon.
             The game lasted 00:09:44 (6591 turns).

retardedninja the Conjurer (Gnoll Conjurer)         Turns: 6591, Time: 00:09:45

Health: -9/58      AC:  2    Str:  7    XL:     8   Next: 40%
Magic:  7/17       EV: 13    Int: 19    God:
Gold:   294        SH:  0    Dex: 11    Spells: 16/19 levels left

rFire   + . .      SeeInvis .    e - +2 halberd (protect)
rCold   . . .      Faith    .    (shield currently unavailable)
rNeg    . . .      Spirit   .    a - +0 robe
rPois   .          Reflect  .    (no helmet)
rElec   .          Rampage  .    (no cloak)
rCorr   .                        (no gloves)
Will    .....                    (no boots)
Stlth   +++                      (no amulet)
HPRegen 0.29/turn                i - ring of wizardry
MPRegen 0.15/turn                w - ring of protection from fire

@: no status effects
A: fangs 1, strong nose, distributed training
a: no special abilities


You were on level 5 of the Dungeon.
You visited 1 branch of the dungeon, and saw 5 of its levels.

You collected 294 gold pieces.

Inventory:

Hand Weapons
 e - a +2 halberd of protection (weapon)
Armour
 a - a +0 robe (worn)
Jewellery
 i - a ring of wizardry (left hand)
 w - a ring of protection from fire (right hand)
Wands
 t - a wand of flame (7)
 v - a wand of roots (5)
Scrolls
 d - 4 scrolls of teleportation
 f - a scroll of poison
 k - a scroll of fog
 l - a scroll of enchant weapon {unknown}
 m - a scroll of vulnerability
 n - a scroll of amnesia
 q - a scroll of identify
 y - a scroll of magic mapping {unknown}
Potions
 b - 2 potions of magic
 c - 2 potions of brilliance
 g - a potion of invisibility {unknown}
 h - a potion of might {unknown}
 j - a potion of flight {unknown}
 o - a potion of attraction
 p - a potion of mutation {unknown}
 r - 2 potions of lignification
 u - a potion of degeneration {unknown}
 x - a potion of berserk rage {unknown}
 z - 2 potions of ambrosia {unknown}
 A - a potion of heal wounds {unknown}
 B - a potion of curing


   Skills:
 + Level 3.3 Fighting
 + Level 3.3 Short Blades
 + Level 3.3 Long Blades
 + Level 3.3 Axes
 + Level 3.3 Maces & Flails
 + Level 3.3 Polearms
 + Level 3.3 Staves
 + Level 3.3 Ranged Weapons
 + Level 3.3 Throwing
 + Level 3.3 Armour
 + Level 5.7 Dodging
 + Level 5.4 Stealth
 + Level 3.3 Shields
 + Level 3.3 Unarmed Combat
 + Level 6.1 Spellcasting
 + Level 7.7 Conjurations
 + Level 2.7 Hexes
 + Level 2.7 Summonings
 + Level 2.7 Necromancy
 + Level 2.7 Translocations
 + Level 2.7 Transmutations
 + Level 2.7 Fire Magic
 + Level 2.7 Ice Magic
 + Level 2.7 Air Magic
 + Level 2.7 Earth Magic
 + Level 2.7 Poison Magic
 + Level 3.7 Invocations
 + Level 3.3 Evocations


You had 16 spell levels left.
You knew the following spells:

 Your Spells              Type           Power      Damage    Failure   Level
a - Magic Dart            Conj           100%       1d8       1%          1
b - Searing Ray           Conj           70%        2d7       1%          2

Your spell library contained the following spells:

 Spells                   Type           Power      Damage    Failure   Level
 Dazzling Flash           Conj/Hex       50%        N/A       1%          3
 Ensorcelled Hibernation  Hex/Ice        32%        N/A       2%          2
 Passwall                 Tmut/Erth      13%        N/A       2%          2
 Swiftness                Air            16%        N/A       4%          3
 Fulminant Prism          Conj/Hex       12%        3d8       5%          4
 Iskenderun's Mystic Bla  Conj/Tloc      25%        2d7       5%          4


Dungeon Overview and Level Annotations

Branches:
Dungeon (5/15)
 Temple: D:4-7

Altars:
Fedhas
Okawaru
Vehumet
Wu Jian

Shops:
D:2 :

Annotations:
D:4 1 runed translucent door, Crazy Yiuf


Innate Abilities, Weirdness & Mutations

You have very sharp teeth.
Your uncanny sense of smell can sniff out nearby items.
Your experience applies equally to all skills.


Message History

The orc warrior hits you with a +0 long sword!
The roots grasp on you weakens, but your attempt to escape fails.
The grasping roots constrict you.
The orc warrior hits you with a +0 long sword!
* * * LOW HITPOINT WARNING * * *
The grasping roots release their grip on you.
Unknown command.
Unknown command.
Aiming: Corrosive Bolt
Press: ? - help, Q - select action, (/) - cycle Shift-Dir - straight line, f/p - Eustachio
Aim: Eustachio, wielding a +0 rapier, wearing a +0 leather armour and carrying a wand of roots (3) (severely wounded, 64% to hit)
The bolt of acid hits the orc warrior!
The orc warrior is heavily wounded.
The bolt of acid hits Eustachio!
You kill Eustachio!
The shadow imp disappears in a puff of smoke!
The orc warrior hits you with a +0 long sword.
* * * LOW HITPOINT WARNING * * *
Unknown command.
Unknown command.
It was a potion of curing.
You feel better. The orc warrior barely misses you.
You feel better.
Aiming: Corrosive Bolt
Press: ? - help, Q - select action, (/) - cycle Shift-Dir - straight line, f - orc warrior
Aim: an orc warrior, wielding a +0 long sword, wearing a +0 chain mail and wearing a +0 kite shield (heavily wounded, 74% to hit)
The bolt of acid misses the orc warrior.
The now-empty wand crumbles to dust.
The orc warrior hits you with a +0 long sword.
Aiming: Fastroot
Press: ? - help, Q - select action, (/) - cycle Shift-Dir - straight line, f/p - orc warrior
Aim: an orc warrior, wielding a +0 long sword, wearing a +0 chain mail and wearing a +0 kite shield (heavily wounded)
The roots erupt in riotous growth!
Roots grab the orc warrior.
Roots grab the orc warrior.
The grasping roots constrict the orc warrior.
The grasping roots constrict the orc warrior!
The orc warrior hits you with a +0 long sword.
* * * LOW HITPOINT WARNING * * *
The orc warrior hits you with a +0 great sword!!
You die...

.. #....#
#.#......
###.###.#.##
#.#.#####
.......... #...#
.......[
#.#.##### ....###
#.#...... ∆ .#..
#.####### #..###
#........ #.)oo#
#.####### #..#@#
#.###### #..#.#
#......# #..#.#
#..###.# #..#.#
#....#.# #..#.#
##.#.#.# #.)#.###
#.....## #......#
###...†.
########.>###.###
###...
.).....=..# #...#
####.##


You could see 2 orc warriors.

Vanquished Creatures
  Sigmund (D:2)
  Eustachio (D:5)
  A black bear (D:4)
  An ogre (D:4)
  A centaur (D:5)
  A phantom (D:5)
  Blork the orc (D:4)
  A scorpion (D:5)
  2 hounds
  2 orc priests
  2 iguanas (D:4)
  Terence (D:2)
  An orc wizard (D:5)
  4 gnolls (D:4)
  6 adders
  2 worms (D:2)
  4 dart slugs
  8 orcs
  4 bats
  8 endoplasms
  3 giant cockroaches
  10 goblins
  7 hobgoblins
  4 jackals (D:1)
  3 quokkas
  2 ball pythons
  6 frilled lizards
  7 kobolds
  8 rats
102 creatures vanquished.

Vanquished Creatures (others)
  3 bushes (D:4)
3 creatures vanquished.

Grand Total: 105 creatures vanquished

Notes
Turn   | Place    | Note
-------+----------+-------------------------------------------
     0 | D:1      | retardedninja the Gnoll Conjurer began the quest for the
                  | Orb.
     0 | D:1      | Reached XP level 1. HP: 13/13 MP: 6/6
   301 | D:1      | Reached XP level 2. HP: 19/19 MP: 5/7
   589 | D:1      | Reached skill level 5 in Spellcasting
   589 | D:1      | Reached XP level 3. HP: 25/25 MP: 5/9
  1182 | D:2      | Reached skill level 1 in Invocations
  1186 | D:2      | Reached skill level 1 in Fighting
  1186 | D:2      | Reached skill level 1 in Short Blades
  1186 | D:2      | Reached skill level 1 in Long Blades
  1186 | D:2      | Reached skill level 1 in Axes
  1186 | D:2      | Reached skill level 1 in Maces & Flails
  1186 | D:2      | Reached skill level 1 in Polearms
  1186 | D:2      | Reached skill level 1 in Staves
  1186 | D:2      | Reached skill level 1 in Ranged Weapons
  1186 | D:2      | Reached skill level 1 in Throwing
  1186 | D:2      | Reached skill level 1 in Armour
  1186 | D:2      | Reached skill level 1 in Shields
  1186 | D:2      | Reached skill level 1 in Unarmed Combat
  1186 | D:2      | Reached skill level 1 in Evocations
  1433 | D:2      | Found Miow's Book Shop.
  1439 | D:2      | Reached XP level 4. HP: 32/32 MP: 4/11
  1618 | D:2      | Learned a level 2 spell: Searing Ray
  1987 | D:2      | Noticed Sigmund
  1990 | D:2      | Killed Sigmund
  1991 | D:2      | Reached skill level 1 in Hexes
  1991 | D:2      | Reached skill level 1 in Summonings
  1991 | D:2      | Reached skill level 1 in Necromancy
  1991 | D:2      | Reached skill level 1 in Translocations
  1991 | D:2      | Reached skill level 1 in Transmutations
  1991 | D:2      | Reached skill level 1 in Fire Magic
  1991 | D:2      | Reached skill level 1 in Ice Magic
  1991 | D:2      | Reached skill level 1 in Air Magic
  1991 | D:2      | Reached skill level 1 in Earth Magic
  1991 | D:2      | Reached skill level 1 in Poison Magic
  1991 | D:2      | Reached XP level 5. HP: 19/38 MP: 5/12
  1991 | D:2      | Reached XP level 6. HP: 22/44 MP: 5/13
  2186 | D:2      | Noticed Terence
  2193 | D:2      | Killed Terence
  2617 | D:2      | Reached skill level 5 in Dodging
  3162 | D:3      | Found an iron altar of Okawaru.
  4355 | D:4      | Reached XP level 7. HP: 37/50 MP: 7/15
  4955 | D:4      | Found an ornate altar of the Wu Jian Council.
  4992 | D:4      | Reached skill level 5 in Stealth
  5343 | D:4      | Found a runed translucent door.
  5344 | D:4      | Noticed Crazy Yiuf
  5366 | D:4      | Noticed Blork the orc
  5372 | D:4      | Killed Blork the orc
  5433 | D:4      | Found a blossoming altar of Fedhas.
  5619 | D:5      | Entered Level 5 of the Dungeon
  5637 | D:5      | Reached XP level 8. HP: 19/58 MP: 2/16
  6011 | D:5      | Found a radiant altar of Vehumet.
  6576 | D:5      | Noticed Eustachio
  6587 | D:5      | Killed Eustachio
  6591 | D:5      | Mangled by an orc warrior

Illustrated notes

Levels and vault maps discovered:
D:1:      lightli_arrival_windingriver, layout_loops_ring
D:2:      layout_basic, serial_shops, shop, grunt_decor_mini_mirrors,
          wander_ebering_terrifying_dragon_lair, uniq_terence, uniq_sigmund
D:3:      layout_basic, mainiacjoe_overflow_six_doors_small,
          serial_corexii_hall, corexii_hall_statues_x, corexii_hall_statues_l
D:4:      layout_loops_cross, fedhas_altar_4, amcnicky_altar_gilded,
          chequers_serial_rivers_micro_e, minmay_hedge_maze, uniq_blork_the_orc,
          uniq_crazy_yiuf_cottage
D:5:      layout_loops_ring, nicolae_elyvilon_temple_path, fiery_altar_vehumet,
          sword_in_stone

Skill      XL: |  1  2  3  4  5  6  7  8 |
---------------+-------------------------+-----
Spellcasting   | 5 6 |  6.1
Invocations    | 1 2 3 |  3.7
Fighting       | 1 2 3 |  3.3
Short Blades   | 1 2 3 |  3.3
Long Blades    | 1 2 3 |  3.3
Axes           | 1 2 3 |  3.3
Maces & Flails | 1 2 3 |  3.3
Polearms       | 1 2 3 |  3.3
Staves         | 1 2 3 |  3.3
Ranged Weapons | 1 2 3 |  3.3
Throwing       | 1 2 3 |  3.3
Armour         | 1 2 3 |  3.3
Shields        | 1 2 3 |  3.3
Unarmed Combat | 1 2 3 |  3.3
Evocations     | 1 2 3 |  3.3
Hexes          | 1 2 |  2.7
Summonings     | 1 2 |  2.7
Necromancy     | 1 2 |  2.7
Translocations | 1 2 |  2.7
Transmutations | 1 2 |  2.7
Fire Magic     | 1 2 |  2.7
Ice Magic      | 1 2 |  2.7
Air Magic      | 1 2 |  2.7
Earth Magic    | 1 2 |  2.7
Poison Magic   | 1 2 |  2.7
Dodging        | 5 |  5.7
Stealth        | 5 |  5.4
Conjurations   | |  7.7

Action                     |  1- 3 |  4- 6 |  7- 9 || total
---------------------------+-------+-------+-------++-------
  Melee: Dagger            |     5 |       |       ||     5
         Flail             |       |    10 |       ||    10
         Bite              |       |     1 |       ||     1
   Cast: Magic Dart        |    58 |    92 |   102 ||   252
         Searing Ray       |       |     8 |    13 ||    21
  Evoke: Wand              |       |     2 |     6 ||     8
    Use: Scroll            |       |    10 |       ||    10
         Potion            |       |       |     2 ||     2
 Armour: Robe              |     2 |     8 |     4 ||    14
  Dodge: Dodged            |     5 |    13 |    20 ||    38

Table legend: (Time is in decaauts)
 A = Elapsed time spent in this place.
 B = Non-inter-level travel time spent in this place.
 C = Inter-level travel time spent in this place.
 D = Time resting spent in this place.
 E = Time spent auto-exploring this place.
 F = Levels seen in this place.
 G = Mean time per level.
                   A        B        C        D        E       F      G
               +--------+--------+--------+--------+--------+-----+--------+
         Total |   6593 |   6322 |    271 |   1351 |   4414 |   5 | 1318.6 |
       Dungeon |   6593 |   6322 |    271 |   1351 |   4414 |   5 | 1318.6 |
               +--------+--------+--------+--------+--------+-----+--------+

Top non-repeatable levels by time:
     D:4: 1669 daAuts
     D:2: 1615 daAuts
     D:3: 1386 daAuts
     D:1: 1118 daAuts
     D:5: 804 daAuts
